Match 42264564
Unlisted

Match 42264564
End
Scout Squad
Selects Special Operations Battlegroup
Selects M29 Weasel Recon Vehicle
M29 Weasel Recon Vehicle
Scout Squad
Construct Weapon Support Center
M1919 Machine Gun Team
Selects Raiding Flares
Infantry Support Center
Advanced Logistics
Selects SSF Commando Squad
SSF Commando Squad
Captain Retinue
Scout Squad
SSF Commando Squad
Construct Medical Station
SSF Commando Squad
Selects Air Re-supply Operation
Air Re-Supply Operation
Engineer Squad
Engineer Squad
Construct Tank Depot
Selects P-47 Anti-Infantry Loiter
Improved M9 Bazooka Rockets
Bazooka Squad
Captain Retinue
Selects M4A1 Sherman Whizbang
M18 Hellcat Tank Destroyer
Bandit
BIOHAZARD
0
0

Comments sign in to comment!

No comments posted yet!